 Dungeon Crawl Stone Soup version 0.31-a0-983-g7b6862f502 (webtiles) character file.

Game seed: 9557711270514393691

1096 sokol815 the Destroyer (level 8, -2/46 HPs)
             Began as an Octopode Conjurer on Nov 3, 2023.
             Was an Initiate of Gozag.
             Slain by Edmund
             ... wielding a +1 flail of protection
              (10 damage)
             ... on level 5 of the Dungeon.
             The game lasted 00:13:59 (5932 turns).

sokol815 the Destroyer (Octopode Conjurer)          Turns: 5932, Time: 00:14:00

Health: -2/46      AC:  1    Str:  7    XL:     8   Next: 31%
Magic:  1/14       EV: 13    Int: 22    God:    Gozag
Gold:   284        SH:  0    Dex: 10    Spells: 8/16 levels left

rFire   . . .        a - +4 scimitar (holy)
rCold   . . .        (no shield)
rNeg    . . .        (helmet restricted)
rPois   .            (no amulet)
rElec   .            (no ring)
rCorr   .            (no ring)
SInv    .            (no ring)
Will    .....        (no ring)
Stlth   +++          (no ring)
HPRegen 0.27/turn    (no ring)
MPRegen 0.14/turn    (no ring)
                     (no ring)

%: no passive effects
@: gold aura
A: almost no armour, amphibious, 8 rings, camouflage 1, gelatinous body 1,
(nimble swimmer 1), tentacles
a: Renounce Religion, Potion Petition, Call Merchant, Bribe Branch


You were on level 5 of the Dungeon.
You worshipped Gozag.
Gozag was aware of your devotion.
You visited 2 branches of the dungeon, and saw 6 of its levels.
You also visited: Sewer.

You collected 348 gold pieces.
You paid 64 gold pieces to Gozag.

Inventory:

Hand Weapons
 a - a +4 scimitar of holy wrath (weapon)
   (You found it in a sewer)
 b - a +0 club
   (You took it off a goblin on level 1 of the Dungeon)
 d - a +0 dagger of freezing
   (You took it off a goblin on level 1 of the Dungeon)
 e - a +0 whip
   (You found it on level 1 of the Dungeon)
 h - a +0 falchion of protection
   (You took it off an orc on level 4 of the Dungeon)
 j - a +0 dagger of venom
   (You took it off a goblin on level 4 of the Dungeon)
 l - a +3 dagger of venom
   (You found it on level 5 of the Dungeon)
 m - a +2 hand axe of electrocution
   (You took it off an orc priest on level 4 of the Dungeon)
Missiles
 f - 3 poisoned darts
 s - 44 stones
Armour
 i - an orb of guile
   (You found it on level 1 of the Dungeon)
Wands
 p - a wand of paralysis (25)
   (You found it on level 3 of the Dungeon)
 y - a wand of mindburst (16)
   (You found it on level 4 of the Dungeon)
Scrolls
 c - 2 scrolls of amnesia
 n - 2 scrolls of torment {!r}
 D - 2 scrolls of blinking {!r}
 E - a scroll of fear
 Y - a scroll of teleportation {@r3}
Potions
 g - a potion of enlightenment
 k - a potion of might
 o - a potion of attraction {!q}
 G - 3 potions of ambrosia {!q}
 H - 3 potions of haste
 J - a potion of curing {@q1}
 M - 3 potions of magic
 P - 2 potions of lignification {!q}
 U - 2 potions of mutation {!q}


   Skills:
 - Level 2.0 Dodging
 - Level 2.6 Stealth
 + Level 4.5 Spellcasting
 - Level 8.0 Conjurations
 + Level 3.1 Ice Magic
 + Level 3.0 Air Magic


You had 8 spell levels left.
You knew the following spells:

 Your Spells              Type           Power      Damage    Failure   Level
a - Magic Dart            Conj           100%       1d8       1%          1
b - Searing Ray           Conj           80%        2d7       1%          2
c - Freezing Cloud        Conj/Ice/Air   12%        6-21      38%         5

Your spell library contained the following spells:

 Spells                   Type           Power      Damage    Failure   Level
 Dazzling Flash           Conj/Hex       44%        N/A       6%          3
 Cigotuvi's Dreadful Rot  Necr/Pois/Air  18%        N/A       11%         2
 Brom's Barrelling Bould  Conj/Erth      22%        2d4       21%         4
 Fulminant Prism          Conj/Hex       11%        3d9       21%         4
 Iskenderun's Mystic Bla  Conj/Tloc      22%        2d6       21%         4
 Call Canine Familiar     Summ           5%         N/A       32%         3
 Ignite Poison            Fire/Tmut/Pois 5%         N/A       32%         3
 Silence                  Hex/Air        5%         N/A       85%         5
 Agony                    Necr           5%         N/A       96%         5
 Summon Cactus Giant      Summ           2%         N/A       100%        6
 Summon Hydra             Summ           2%         N/A       100%        7
 Chain Lightning          Conj/Air       14%        3d19      100%        9
 Fire Storm               Conj/Fire      11%        8d3       100%        9
 Shatter                  Erth           2%         3d6*      100%        9


Dungeon Overview and Level Annotations

Branches:
Dungeon (5/15) Zot: 24960  Temple (1/1) D:4 Zot: 5989   Sewer (visited)

Altars:
Ashenzari
Cheibriados
Dithmenos
Elyvilon
Gozag
Hepliaklqana
Makhleb
Nemelex Xobeh
Okawaru
Ru
Sif Muna
Trog
Vehumet
Yredelemnul
Zin
The Shining One

Shops:
D:3 [

Annotations:
D:4 3 runed translucent doors, GreenGuy14's ghost, amateur MiFi
D:5 Edmund


Innate Abilities, Weirdness & Mutations

You cannot wear most types of armour.
You are amphibious.
You can wear up to eight rings at the same time.
Your skin changes colour to match your surroundings (Stealth+).
Your rubbery body absorbs attacks. (AC +1, EV +1)
((You are camouflaged when in or above water. (Stealth+)))
You have tentacles for arms and can constrict up to eight enemies at once.


Message History

The searing ray hits Menkaure! (Press . to maintain the ray.)
You now have 11/13 mp.
The searing ray hits Menkaure!
You now have 10/13 mp.
The searing ray hits Menkaure!
You destroy Menkaure!
You have reached level 8!
Health restored: 46 You now have 9/14 mp.
You now have 268 gold pieces (gained 8).
You start resting.
MP restored: 14 You now have 284 gold pieces (gained 16).
A howler monkey comes into view.
The howler monkey hoots and howls with incredible vigour!
You hear an angry hiss.
You see here a +3 dagger of venom.
Press: ? - help, Shift-Dir - straight line, f - howler monkey
Aim: a howler monkey (78% to hit)
The searing ray hits the howler monkey. (Press . to maintain the ray.)
The howler monkey hoots and howls with incredible vigour!
You hear a shout!
You hear an angry hiss.
You hear a shout! x4
You hear an angry growl.
You now have 12/14 mp.
The searing ray hits the howler monkey.
The howler monkey hoots and howls with incredible vigour!
You hear an angry hiss.
You hear an angry growl.
You now have 11/14 mp.
The searing ray hits the howler monkey!
You now have 10/14 mp.
The searing ray hits the howler monkey.
You finish channelling your searing ray.
The howler monkey hoots and howls with incredible vigour!
You hear an angry hiss.
You now have 9/14 mp.
Press: ? - help, Shift-Dir - straight line, f/p - howler monkey
Aim: a howler monkey (severely wounded, catching its breath, 78% to hit)
The searing ray misses the howler monkey. (Press . to maintain the ray.)
The howler monkey misses you.
You now have 7/14 mp.
The searing ray hits the howler monkey!
You kill the howler monkey!
You now have 6/14 mp.
You start resting.
An iguana comes into view.
l - a +3 dagger of venom
Press: ? - help, Shift-Dir - straight line, f - iguana
Aim: an iguana (83% to hit)
The searing ray misses the iguana. (Press . to maintain the ray.) Edmund the Younger comes into view.
He is wielding a +1 flail of protection.
You now have 5/14 mp.
The searing ray hits the iguana!
You now have 4/14 mp.
The searing ray hits the iguana.
A black bear comes into view.
You now have 3/14 mp.
The searing ray hits the iguana!
You kill the iguana!
You finish channelling your searing ray.
Edmund completely misses you. Edmund attacks as he pursues you!
Edmund hits you with a +1 flail of protection!
You take 9 damage, and have 37/46 hp.
Press: ? - help, Shift-Dir - straight line The searing ray hits Edmund.
The searing ray hits the black bear. (Press . to maintain the ray.) Edmund clears his throat.
Edmund hits you with a +1 flail of protection!
You take 11 damage, and have 29/46 hp.
MASSIVE DAMAGE!!
You now have 3/14 mp.
The searing ray hits Edmund but does no damage.
The searing ray misses the black bear.
Edmund hits you with a +1 flail of protection.
You take 5 damage, and have 24/46 hp.
You now have 2/14 mp.
The searing ray hits Edmund.
The searing ray hits the black bear.
Edmund hits you with a +1 flail of protection!
You take 8 damage, and have 16/46 hp.
You now have 1/14 mp.
The searing ray hits Edmund.
The searing ray hits the black bear.
You finish channelling your searing ray.
You hit the black bear. Your grab misses the black bear.
The black bear goes berserk!
You slash the black bear!
You kill the black bear!
Training target 8.0 for Conjurations reached!
Your Conjurations skill increases to level 8!
Your Ice Magic skill increases to level 3!
Your Air Magic skill increases to level 3!
You hit Edmund. Your grab misses Edmund. Your squeeze misses Edmund.
Edmund says, "A flail is better than a scythe, any day of the week!"
Edmund hits you with a +1 flail of protection!
* * * LOW HITPOINT WARNING * * *
Edmund hits you with a +1 flail of protection!
You die...
Edmund whines, "They better pay attention to me now!"
Your body crumbles into a pile of gold.

#.######## #..#.....##
#.........## #$.........###
#...........h.############
...............#.@..........#
................###..........#
......[.........####....>....#
................@@...........####
#+#.......#+#...########.........
##...#### ##..# ##....########
##.. ##..###........ ##
#..##...#####.. ###...#######.#
#.####......# #+#....###...
##.#####....##


You could see Edmund.

Vanquished Creatures
  Grinder (D:3)
  Menkaure (D:5)
  A black bear (D:5)
  An orc warrior (D:4)
  2 bullfrogs (Sewer)
  A howler monkey (D:5)
  A hound (D:5)
  An orc priest (D:4)
  An iguana (D:5)
  A sleepcap (D:5)
  An orc wizard (D:4)
  Terence (D:3)
  13 adders
  A river rat (D:3)
  5 worms
  3 dart slugs (D:1)
  3 orcs (D:4)
  14 ball pythons
  15 endoplasms
  6 giant cockroaches
  5 hobgoblins
  2 jackals (D:1)
  4 kobolds
  14 quokkas
  8 bats
  14 frilled lizards
  13 goblins
  3 rats
136 creatures vanquished.

Notes
Turn   | Place    | Note
-------+----------+-------------------------------------------
     0 | D:1      | sokol815 the Octopode Conjurer began the quest for the Orb.
     0 | D:1      | Reached XP level 1. HP: 11/11 MP: 3/3
    38 | D:1      | Got Pigufauz's Elucidation of Calling and the Plateau
   149 | D:1      | Reached XP level 2. HP: 9/17 MP: 0/5
   682 | D:1      | Reached XP level 3. HP: 21/21 MP: 2/6
  1077 | D:1      | Learned a level 2 spell: Searing Ray
  1247 | D:2      | Found a faded altar of an unknown god.
  1452 | D:2      | Reached skill level 5 in Conjurations
  1452 | D:2      | Reached XP level 4. HP: 14/27 MP: 1/8
  1932 | D:2      | Reached skill level 3 in Spellcasting
  2210 | D:3      | Reached XP level 5. HP: 23/31 MP: 1/9
  2216 | D:3      | Found a glowing drain.
  2243 | Sewer    | Entered a sewer
  2842 | Sewer    | Reached skill level 6 in Conjurations
  2941 | Sewer    | Reached XP level 6. HP: 21/36 MP: 1/11
  3296 | D:3      | Learned a level 5 spell: Freezing Cloud
  3569 | D:3      | Found Jevvaera's Armour Emporium.
  3583 | D:3      | Noticed Terence
  3589 | D:3      | Killed Terence
  3821 | D:3      | Noticed Grinder
  3831 | D:3      | Killed Grinder
  3832 | D:3      | Reached skill level 4 in Spellcasting
  3832 | D:3      | Reached skill level 7 in Conjurations
  3832 | D:3      | Reached skill level 1 in Ice Magic
  3832 | D:3      | Reached skill level 1 in Air Magic
  3832 | D:3      | Reached XP level 7. HP: 38/41 MP: 2/13
  4334 | D:4      | Found a staircase to the Ecumenical Temple.
  4343 | Temple   | Entered the Ecumenical Temple
  4348 | Temple   | Became a worshipper of Gozag Ym Sagoz the Greedy
  5053 | D:4      | Found a runed translucent gate.
  5053 | D:4      | Found a runed translucent gate.
  5056 | D:4      | Noticed GreenGuy14's ghost (amateur MiFi)
  5057 | D:4      | Found a runed translucent gate.
  5066 | D:4      | Reached skill level 2 in Air Magic
  5073 | D:4      | Reached skill level 2 in Ice Magic
  5580 | D:5      | Entered Level 5 of the Dungeon
  5847 | D:5      | Noticed Menkaure
  5850 | D:5      | Killed Menkaure
  5851 | D:5      | Reached XP level 8. HP: 46/46 MP: 9/14
  5904 | D:5      | Noticed Edmund
  5932 | D:5      | Reached skill level 8 in Conjurations
  5932 | D:5      | Reached skill level 3 in Ice Magic
  5932 | D:5      | Reached skill level 3 in Air Magic
  5932 | D:5      | HP: 8/46 [Edmund/+1 flail of protection (9)]
  5932 | D:5      | Slain by Edmund

Illustrated notes

Levels and vault maps discovered:
D:1:      dpeg_arrival_ternary, layout_loops_ring, grunt_decor_fettered
D:2:      layout_rooms, hellmonk_ecumenical_altar_run_dry,
          small_statue_intersection, minmay_shallow_snake_nest
D:3:      layout_basic, gup_sewer_entry_bubbles, serial_shops,
          nicolae_shop_tiny_real_fake_doors, uniq_grinder, uniq_terence
D:4:      layout_basic, minmay_temple_entry_overgrown,
          gammafunk_ghost_nasty_kobolds, minmay_misc_feat_enclosed,
          minmay_door_square
D:5:      layout_rooms, mainiacjoe_overflow_tiny_flanked, jmf_multi_god_temple2,
          nicolae_hexahallways, uniq_edmund, uniq_duvessa, uniq_menkaure
Temple:   nicolae_temple_bog_church

Skill      XL: |  1  2  3  4  5  6  7  8 |
---------------+-------------------------+-----
Conjurations   | 5 6 7 8 |  8.0
Spellcasting   | 3 4 |  4.5
Ice Magic      | 1 2 3 |  3.1
Air Magic      | 1 2 3 |  3.0
Dodging        | |  2.0
Stealth        | |  2.6

Action                     |  1- 3 |  4- 6 |  7- 9 || total
---------------------------+-------+-------+-------++-------
  Melee: Dagger            |    10 |    23 |       ||    33
         Constrict         |     4 |     7 |     2 ||    13
         Tentacles         |     2 |     7 |     2 ||    11
         Scimitar          |       |     2 |    13 ||    15
         Punch             |       |       |     1 ||     1
   Cast: Magic Dart        |    57 |    94 |    30 ||   181
         Searing Ray       |       |    17 |    14 ||    31
    Use: Scroll            |       |    11 |     7 ||    18
 Armour: Skin              |     7 |    22 |    15 ||    44
  Dodge: Dodged            |     7 |    16 |     9 ||    32

Table legend: (Time is in decaauts)
 A = Elapsed time spent in this place.
 B = Non-inter-level travel time spent in this place.
 C = Inter-level travel time spent in this place.
 D = Time resting spent in this place.
 E = Time spent auto-exploring this place.
 F = Levels seen in this place.
 G = Mean time per level.
                   A        B        C        D        E       F      G
               +--------+--------+--------+--------+--------+-----+--------+
         Total |   5935 |   5748 |    187 |   1048 |   3949 |   7 |  847.9 |
       Dungeon |   5037 |   4855 |    182 |    845 |   3421 |   5 | 1007.4 |
        Temple |     10 |      5 |      5 |      0 |      0 |   1 |   10.0 |
         Sewer |    887 |    887 |      0 |    203 |    528 |   1 |  887.0 |
               +--------+--------+--------+--------+--------+-----+--------+

Top non-repeatable levels by time:
     D:4: 1342 daAuts
     D:1: 1309 daAuts
     D:3: 1202 daAuts
   Sewer: 887 daAuts
     D:2: 830 daAuts
     D:5: 353 daAuts
  Temple: 10 daAuts

Levels and vault maps discovered:
D:1:      dpeg_arrival_ternary, layout_loops_ring, grunt_decor_fettered
D:2:      layout_rooms, hellmonk_ecumenical_altar_run_dry,
          small_statue_intersection, minmay_shallow_snake_nest
D:3:      layout_basic, gup_sewer_entry_bubbles, serial_shops,
          nicolae_shop_tiny_real_fake_doors, uniq_grinder, uniq_terence
D:4:      layout_basic, minmay_temple_entry_overgrown,
          gammafunk_ghost_nasty_kobolds, minmay_misc_feat_enclosed,
          minmay_door_square
D:5:      layout_rooms, mainiacjoe_overflow_tiny_flanked, jmf_multi_god_temple2,
          nicolae_hexahallways, uniq_edmund, uniq_duvessa, uniq_menkaure
Temple:   nicolae_temple_bog_church

Table legend: (Time is in decaauts)
 A = Elapsed time spent in this place.
 B = Non-inter-level travel time spent in this place.
 C = Inter-level travel time spent in this place.
 D = Time resting spent in this place.
 E = Time spent auto-exploring this place.
 F = Levels seen in this place.
 G = Mean time per level.
                   A        B        C        D        E       F      G
               +--------+--------+--------+--------+--------+-----+--------+
         Total |   5935 |   5748 |    187 |   1048 |   3949 |   7 |  847.9 |
       Dungeon |   5037 |   4855 |    182 |    845 |   3421 |   5 | 1007.4 |
        Temple |     10 |      5 |      5 |      0 |      0 |   1 |   10.0 |
         Sewer |    887 |    887 |      0 |    203 |    528 |   1 |  887.0 |
               +--------+--------+--------+--------+--------+-----+--------+

Top non-repeatable levels by time:
     D:4: 1342 daAuts
     D:1: 1309 daAuts
     D:3: 1202 daAuts
   Sewer: 887 daAuts
     D:2: 830 daAuts
     D:5: 353 daAuts
  Temple: 10 daAuts

Table legend:
 A = Kills in this place as a percentage of kills in the entire game.
 B = Kills by you in this place as a percentage of kills by you in the entire game.
 C = Kills by friends in this place as a percentage of kills by friends in the entire game.
 D = Other kills in this place as a percentage of other kills in the entire game.
 E = Experience gained in this place as a percentage of experience gained in the entire game.
 F = Experience gained in this place divided by the number of levels of this place that you have seen.
                   A       B       C       D       E      F
               +-------+-------+-------+-------+-------+----------------------
         Total | 100.0 | 100.0 |   N/A |   N/A | 100.0 | 223.7
       Dungeon |  72.8 |  72.8 |   N/A |   N/A |  82.7 | 259.0
         Sewer |  27.2 |  27.2 |   N/A |   N/A |  17.3 | 271.0
               +-------+-------+-------+-------+-------+----------------------
